 Dungeon Crawl Stone Soup version 0.30-a0-924-g0ad0bf95bc (webtiles) character file.

Game seed: 9687466534094922275

1799 Pooter the Ruffian (level 8, 0/79 HPs)
             Began as a Troll Fighter on Mar 23, 2023.
             Was an Initiate of Makhleb.
             Slain by Maggie
             ... wielding a +2 broad axe of flaming
              (7 damage)
             ... on level 7 of the Dungeon.
             The game lasted 00:27:45 (6273 turns).

Pooter the Ruffian (Troll Fighter)                  Turns: 6273, Time: 00:27:46

Health: 0/79       AC:  5    Str: 25    XL:     8   Next: 83%
Magic:  7/7        EV: 18    Int:  4    God:    Makhleb [......]
Gold:   403        SH:  8    Dex: 11    Spells: 7/7 levels left

rFire   . . .      SeeInvis .      - Unarmed
rCold   . . .      Faith    .    h - +0 kite shield
rNeg    + + .      Spirit   .    a - +0 robe
rPois   .          Reflect  .    A - +1 hat "Ukhlewub" {rN++}
rElec   .          Rampage  .    e - scarf {repulsion}
rCorr   .                        (gloves unavailable)
Will    .....                    (boots unavailable)
Stlth   +                        (no amulet)
HPRegen 1.13/turn                k - +5 ring of evasion
MPRegen 0.10/turn                B - +5 ring of evasion

@: mesmerised, repel missiles
A: large, unfitting armour, claws 3, regeneration 1, shaggy fur 1, tough skin 1
a: Renounce Religion


You were on level 7 of the Dungeon.
You worshipped Makhleb.
Makhleb was noncommittal.
You visited 1 branch of the dungeon, and saw 7 of its levels.

You collected 403 gold pieces.

Inventory:

Hand Weapons
 b - a +0 sling
   (You found it on level 1 of the Dungeon)
 p - a +0 shortbow
   (You took it off a centaur on level 5 of the Dungeon)
 r - the +5 rapier "Ykaic" {holy, Dex+3}
   (You found it on level 4 of the Dungeon)

   Dex:       It affects your dexterity (+3).
 E - a +0 trident of flaming
   (You found it on level 6 of the Dungeon)
Missiles
 i - 27 poisoned darts (quivered)
 C - 2 silver javelins
 Q - 40 stones
Armour
 a - a +0 robe (worn)
 e - a scarf of repulsion (worn)
   (You found it on level 1 of the Dungeon)
 h - a +0 kite shield (worn)
 A - the +1 hat "Ukhlewub" (worn) {rN++}
   (You acquired it on level 5 of the Dungeon)

   rN:        It greatly protects you from negative energy.
Jewellery
 k - a +5 ring of evasion (left claw)
   (You found it on level 2 of the Dungeon)
 u - a ring of fire
   (You found it on level 4 of the Dungeon)
 B - a +5 ring of evasion (right claw)
   (You found it on level 5 of the Dungeon)
 S - a ring of see invisible
   (You found it on level 2 of the Dungeon)
Wands
 f - a wand of flame (36)
   (You found it on level 5 of the Dungeon)
Scrolls
 c - 2 scrolls of fog
 j - a scroll of noise {unknown}
 t - 4 scrolls of teleportation {@r4}
 v - 2 scrolls of poison {!r}
 w - a scroll of fear
 y - a scroll of immolation {unknown}
 F - 2 scrolls of blinking {unknown}
 G - a scroll of summoning {unknown}
 H - a scroll of magic mapping {unknown}
Potions
 d - 6 potions of curing {@q1}
 g - a potion of heal wounds {unknown}
 l - 3 potions of haste {@q3}
 m - a potion of might
 n - 2 potions of lignification {unknown}
 o - 2 potions of ambrosia
 q - a potion of attraction {unknown}
 s - a potion of resistance {unknown}
 x - a potion of invisibility {unknown}
 z - 2 potions of cancellation
 D - a potion of flight {unknown}


   Skills:
 + Level 4.9 Fighting
 * Level 4.7 Ranged Weapons
 - Level 2.4 Dodging
 - Level 2.6 Shields
 * Level 7.6 Unarmed Combat


You had 7 spell levels left.
You didn't know any spells.
Your spell library contained the following spells:

 Spells                   Type           Power      Damage    Failure   Level
 Freeze                   Ice            0%         1d3       80%         1
 Shock                    Conj/Air       0%         1d3       80%         1
 Frozen Ramparts          Ice            0%         1d1       99%         3
 Hailstorm                Conj/Ice       0%         3d3       99%         3
 Swiftness                Air            0%         N/A       99%         3
 Airstrike                Air            0%         2d(0-16)  100%        4


Dungeon Overview and Level Annotations

Branches:
Dungeon (7/15)
 Temple: D:4-7

Altars:
Elyvilon
Kikubaaqudgha
Makhleb
Wu Jian
Xom

Annotations:
D:6 1 runed translucent door, Crazy Yiuf
D:7 Maggie


Innate Abilities, Weirdness & Mutations

You are too large for most types of armour.
You have claws for hands.
Your natural rate of healing is unusually fast.
You are covered in fur. (AC +1)
You have tough skin. (AC +1)


Message History

You completely miss the jelly.
The howler monkey hoots and howls with incredible vigour!
Maggie drinks a potion.
Maggie seems to speed up.
You block the jelly's attack.
You hear a loud, deep croak!
The howler monkey howls!
You mangle the jelly!!
You kill the jelly!
Makhleb accepts your kill.
Maggie gestures wildly while chanting.
Maggie attempts to bespell you!
You are mesmerised by Maggie!
You cannot move away from Maggie!
You cannot move away from Maggie!
Throw: 4 javelins (silver)
Aim: a howler monkey (53% to hit)
You throw a silver javelin.
The silver javelin pierces through Maggie but does no damage.
The silver javelin pierces through the howler monkey.
The silver javelin closely misses the howler monkey.
Maggie hits you with a +2 broad axe of flaming!
Maggie burns you.
The howler monkey hoots and howls with incredible vigour!
Something shouts, "Slither away, thou artless sow-suckled baggage!"
Throw: 3 javelins (silver)
Aim: a howler monkey (heavily wounded, catching its breath, 53% to hit)
You throw a silver javelin.
The silver javelin pierces through Maggie!
The silver javelin closely misses the howler monkey. x2
Maggie barely misses you.
Maggie says, "Leave now, and tell all of Margery's mercy!"
Maggie hits you with a +2 broad axe of flaming!
Maggie burns you!
The howler monkey hoots and howls with incredible vigour!
Maggie completely misses you.
You claw Maggie!
Maggie points at you and mumbles some strange words.
The bolt of fire hits you!
* * * LOW HITPOINT WARNING * * *
You block the howler monkey's attack.
Unknown command.
You scratch Maggie but do no damage.
Maggie hits you with a +2 broad axe of flaming!
* * * LOW HITPOINT WARNING * * *
Maggie burns you.
* * * LOW HITPOINT WARNING * * *
Maggie shouts, "Leave me alone!"
Maggie hits you with a +2 broad axe of flaming!
* * * LOW HITPOINT WARNING * * *
Maggie burns you!
You die...

.......## .(.
....... ..
#.#.#.# ..
#.###.....# ##.
#..F......#
##.(...........#
##..#.#######.#.#
#....h@h........#
#..@........#
#########.### #.#
#)# #.# ###.#
#...# #.###
#.#####


You could see Maggie (mesmerising, fast) and 2 howler monkeys.

Vanquished Creatures
  Menkaure (D:4)
  A sky beast (D:6)
  A black bear (D:6)
  An ice beast (D:6)
  3 ogres
  A centaur (D:5)
  2 phantoms (D:4)
  A kobold brigand (D:7)
  A bullfrog (D:7)
  A scorpion (D:6)
  A howler monkey (D:6)
  A hound (D:5)
  4 jellies
  7 iguanas
  2 sleepcaps
  An orc wizard (D:6)
  8 gnolls
  5 adders
  4 shadow imps
  A white imp (D:6)
  An ufetubus (D:5)
  A worm (D:2)
  2 dart slugs
  15 orcs
  6 ball pythons
  8 bats
  5 endoplasms
  3 giant cockroaches
  8 goblins
  2 hobgoblins
  4 jackals (D:3)
  14 kobolds
  A quokka (D:4)
  5 frilled lizards
  10 rats
132 creatures vanquished.

Vanquished Creatures (others)
  A scorpion (D:4)
  An adder (D:4)
  A ball python (D:4)
  2 hobgoblins (D:4)
  A jackal (D:4)
  4 demonic plants (D:6)
10 creatures vanquished.

Grand Total: 142 creatures vanquished

Notes
Turn   | Place    | Note
-------+----------+-------------------------------------------
     0 | D:1      | Pooter the Troll Fighter began the quest for the Orb.
     0 | D:1      | Reached XP level 1. HP: 22/22 MP: 0/0
    47 | D:1      | Reached XP level 2. HP: 29/29 MP: 1/1
   593 | D:2      | Reached skill level 3 in Unarmed Combat
   706 | D:2      | Reached XP level 3. HP: 34/36 MP: 2/2
  1467 | D:2      | Reached skill level 1 in Ranged Weapons
  1467 | D:2      | Reached XP level 4. HP: 39/44 MP: 3/3
  2248 | D:4      | Identified the +5 rapier "Ykaic" {holy, Dex+3}
  2399 | D:4      | Noticed Menkaure
  2412 | D:4      | Killed Menkaure
  2413 | D:4      | Reached skill level 4 in Unarmed Combat
  2413 | D:4      | Reached XP level 5. HP: 48/53 MP: 4/4
  2446 | D:4      | Found a shimmering altar of Xom.
  2468 | D:4      | Reached XP level 6. HP: 61/61 MP: 5/5
  3286 | D:4      | Found an ornate altar of the Wu Jian Council.
  3451 | D:4      | Reached skill level 5 in Unarmed Combat
  3587 | D:4      | Found an ancient bone altar of Kikubaaqudgha.
  3833 | D:5      | Entered Level 5 of the Dungeon
  3856 | D:5      | Found a white marble altar of Elyvilon.
  3947 | D:5      | Reached XP level 7. HP: 68/68 MP: 6/6
  4067 | D:5      | Identified a scroll of acquirement
  4068 | D:5      | Acquired the +1 hat "Ukhlewub" {rN++}
  4769 | D:5      | Reached skill level 6 in Unarmed Combat
  5141 | D:6      | Reached XP level 8. HP: 74/78 MP: 7/7
  5601 | D:6      | Reached skill level 7 in Unarmed Combat
  5742 | D:6      | Found a runed translucent door.
  5743 | D:6      | Noticed Crazy Yiuf
  5809 | D:6      | Found a burning altar of Makhleb.
  5813 | D:6      | Became a worshipper of Makhleb the Destroyer
  6263 | D:7      | Noticed Maggie
  6273 | D:7      | Slain by Maggie

Illustrated notes

Levels and vault maps discovered:
D:1:      scummos_arrival_simple_fountains, layout_rooms,
          hangedman_abyss_or_decor_stabs
D:2:      layout_basic
D:3:      layout_basic
D:4:      layout_basic, nicolae_kikubaaqudgha_miasma_corner,
          nicolae_wu_jian_wuxing_cycle, xom_confusion_cloud,
          grunt_ministairs_11, uniq_menkaure
D:5:      kennysheep_spiral_hall, layout_loops_corners,
          mainiacjoe_overflow_boulevard, serial_bayou_pond_a, grunt_decor_cap,
          dk_vineyard_2
D:6:      layout_loops_corners, mainiacjoe_overflow_alcove_1,
          dreamdust_princess_corridor, uniq_crazy_yiuf_cottage
D:7:      layout_loops_ring, general_overflow_altar, minmay_temple_entry_waves,
          uniq_maggie

Skill      XL: |  1  2  3  4  5  6  7  8 |
---------------+-------------------------+-----
Unarmed Combat | 3 4 5 6 7 |  7.6
Ranged Weapons | 1 2 3 4 |  4.7
Fighting       | 3 4 |  4.9
Dodging        | |  2.4
Shields        | |  2.6

Action                     |  1- 3 |  4- 6 |  7- 9 || total
---------------------------+-------+-------+-------++-------
  Melee: Unarmed           |    79 |    78 |   149 ||   306
         Rapier            |       |     2 |     2 ||     4
   Fire: Sling             |    64 |    93 |    47 ||   204
  Throw: Stone             |       |     5 |       ||     5
         Throwing net      |       |     1 |       ||     1
         Javelin           |       |       |    12 ||    12
  Evoke: Wand              |       |       |     5 ||     5
    Use: Potion            |     1 |       |       ||     1
         Scroll            |     3 |     3 |     5 ||    11
   Stab: Distracted        |       |     1 |       ||     1
 Armour: Robe              |    34 |    12 |    12 ||    58
  Dodge: Dodged            |    59 |    33 |    86 ||   178
         Repelled          |       |     1 |       ||     1
  Block: Kite shield       |    50 |    30 |    52 ||   132

Table legend: (Time is in decaauts)
 A = Elapsed time spent in this place.
 B = Non-inter-level travel time spent in this place.
 C = Inter-level travel time spent in this place.
 D = Time resting spent in this place.
 E = Time spent auto-exploring this place.
 F = Levels seen in this place.
 G = Mean time per level.
                   A        B        C        D        E       F      G
               +--------+--------+--------+--------+--------+-----+--------+
         Total |   6338 |   6175 |    163 |   1218 |   3797 |   7 |  905.4 |
       Dungeon |   6338 |   6175 |    163 |   1218 |   3797 |   7 |  905.4 |
               +--------+--------+--------+--------+--------+-----+--------+

Top non-repeatable levels by time:
     D:4: 1632 daAuts
     D:5: 1165 daAuts
     D:6: 1157 daAuts
     D:2: 1036 daAuts
     D:3: 835 daAuts
     D:1: 387 daAuts
     D:7: 124 daAuts
